 Dungeon Crawl Stone Soup version 0.32-a0-643-ga006e7742e (webtiles) character file.

Game seed: 12574121510536982624

242 andgoliath the Chopper (level 5, 0/47 HPs)
             Began as a Mountain Dwarf Fighter on Mar 7, 2024.
             Was an Initiate of Qazlal.
             Incinerated by a bombardier beetle (3 damage)
             ... with a burning spray
             ... on level 4 of the Dungeon.
             The game lasted 00:09:01 (2522 turns).

andgoliath the Chopper (Mountain Dwarf Fighter)     Turns: 2522, Time: 00:09:01

Health: 0/47       AC:  8    Str: 18 (20) XL:     5   Next: 81%
Magic:  7/7        EV: 10    Int:  7 (9)  God:    Qazlal [......]
Gold:   113        SH:  4    Dex:  8 (9)  Spells: 3/4 levels left

rFire   . . .        a - +0 war axe
rCold   . . .        c - +0 buckler
rNeg    . . .        n - +0 ring mail
rPois   .            p - +0 helmet
rElec   .            (no cloak)
rCorr   .            (no gloves)
SInv    .            k - +0 pair of boots
Will    .....        (no amulet) Stlth
                     (no ring)
HPRegen 0.27/turn    (no ring)
MPRegen 0.10/turn

%: no passive effects
@: on fire, glowing
A: runic magic, artefact enchanting
a: Renounce Religion


You were on level 4 of the Dungeon.
You worshipped Qazlal.
Qazlal was noncommittal.
You visited 1 branch of the dungeon, and saw 4 of its levels.

You collected 113 gold pieces.

Inventory:

Hand Weapons
 a - a +0 war axe (weapon)
 h - a +0 sling
Missiles
 i - 4 boomerangs (quivered)
Armour
 c - a +0 buckler (worn)
 e - a +0 scale mail
 k - a +0 pair of boots (worn)
 n - a +0 ring mail (worn)
 p - a +0 helmet (worn)
Magical Staves
 l - a staff of alchemy
Wands
 b - a wand of flame (26)
Scrolls
 g - a scroll of identify
 o - a scroll of fear {unknown}
Potions
 d - a potion of might
 f - a potion of cancellation
 j - a potion of lignification


   Skills:
 + Level 4.4 Fighting
 * Level 4.8 Axes
 - Level 3.8 Armour
 - Level 3.8 Shields
 - Level 0.8 Necromancy
 * Level 3.1 Invocations


You had 3 spell levels left.
You knew the following spells:

 Your Spells              Type           Power      Damage    Failure   Level
a - Necrotise             Necr           4%         1d4       43%         1

Your spell library contained the following spells:

 Spells                   Type           Power      Damage    Failure   Level
 Vampiric Draining        Necr           1%         2d6       82%         3
 Frozen Ramparts          Ice            0%         1d1       90%         3
 Martyr's Knell           Necr/Summ      0%         N/A       99%         4
 Curse of Agony           Necr           1%         N/A       100%        5
 Freezing Cloud           Conj/Ice/Air   0%         6-21      100%        5


Dungeon Overview and Level Annotations

Branches:
Dungeon (4/15)
 Temple: D:4-7

Altars:
Okawaru
Qazlal


Innate Abilities, Weirdness & Mutations

Your spellcasting is much less encumbered by armour.
You can use scrolls of enchantment on lesser artefacts.


Message History

The liquid fire burns you!
You hit the bombardier beetle but do no damage.
The liquid fire burns you!
The bombardier beetle barely misses you.
You hit the bombardier beetle but do no damage.
The liquid fire burns you!
You block the bombardier beetle's attack.
You hit the bombardier beetle.
The bombardier beetle is moderately wounded.
The liquid fire burns you!
You are too injured to fight recklessly!
You are too injured to fight recklessly!
You are too injured to fight recklessly!
You are too injured to fight recklessly!
You are too injured to fight recklessly!
You hit the bombardier beetle but do no damage.
The bombardier beetle is moderately wounded.
The liquid fire burns you!
The bombardier beetle sprays incendiary fluid at you.
The burning spray hits you.
You are even more covered in liquid fire!
You hit the bombardier beetle.
The bombardier beetle is heavily wounded.
The liquid fire burns you!
* * * LOW HITPOINT WARNING * * *
The bombardier beetle bites you but does no damage.
You slash the bombardier beetle!
You kill the bombardier beetle!
Qazlal accepts your kill. The liquid fire burns you!
* * * LOW HITPOINT WARNING * * *
Your Invocations skill increases to level 3!
You are on fire!
You shake off some of the fire as you move.
The liquid fire burns you!
* * * LOW HITPOINT WARNING * * *
It was a potion of degeneration.
There was something very wrong with that liquid.
You feel weakened.
You feel dopey.
You feel clumsy. The liquid fire burns you!
You die...

# #####.###
#.@.†...#
#.###.#.#
#.# #
########.##
#.........#
#
#.######..#
.#
#..##.####.
#..........
#..<.......


There were no monsters in sight!

Vanquished Creatures
  2 bombardier beetles
  2 orc priests (D:3)
  An adder (D:3)
  3 dart slugs
  2 ribbon worms (D:2)
  4 orcs (D:3)
  7 bats
  10 endoplasms
  3 giant cockroaches
  6 goblins
  3 hobgoblins (D:1)
  10 jackals
  6 kobolds
  3 quokkas
  9 ball pythons
  3 frilled lizards
  5 rats
79 creatures vanquished.

Notes
Turn   | Place    | Note
-------+----------+-------------------------------------------
     0 | D:1      | andgoliath the Mountain Dwarf Fighter began the quest for
                  | the Orb.
     0 | D:1      | Reached XP level 1. HP: 19/19 MP: 1/1
   182 | D:1      | Reached XP level 2. HP: 15/26 MP: 2/2
   536 | D:1      | Reached XP level 3. HP: 33/33 MP: 3/3
   954 | D:2      | Learned a level 1 spell: Necrotise
  1274 | D:2      | Reached XP level 4. HP: 40/40 MP: 4/4
  1276 | D:2      | Found a faded altar of an unknown god.
  1804 | D:3      | Got the Disquisition on Algor
  1807 | D:3      | Found an iron altar of Okawaru.
  1849 | D:3      | Found a stormy altar of Qazlal.
  1859 | D:3      | Became a worshipper of Qazlal Stormbringer
  2169 | D:3      | Reached skill level 1 in Invocations
  2172 | D:3      | Reached XP level 5. HP: 30/46 MP: 4/6
  2522 | D:4      | Incinerated by a bombardier beetle

Illustrated notes

Levels and vault maps discovered:
D:1:      mrwooster_arrival_arrow, layout_basic, minmay_indecisive_spiral
D:2:      layout_rooms, chequers_ecumenical_altar_island, serial_bayou_lake_a
D:3:      layout_loops_ring, mainiacjoe_overflow_two_lobes
D:4:      layout_loops_ring, nicolae_wu_jian_immortal_techniques

Skill      XL: |  1  2  3  4  5 |
---------------+----------------+-----
Axes           | 3 4 |  4.8
Fighting       | 4 |  4.4
Invocations    | 2 3 |  3.1
Armour         | |  3.8
Shields        | |  3.8
Necromancy     | |  0.8

Action                     |  1- 3 |  4- 6 || total
---------------------------+-------+-------++-------
  Melee: War axe           |   148 |   131 ||   279
    Use: Scroll            |     3 |     1 ||     4
         Potion            |     1 |     1 ||     2
 Armour: Scale mail        |   142 |    42 ||   184
         Ring mail         |       |    46 ||    46
  Dodge: Dodged            |    79 |    61 ||   140
  Block: Buckler           |    37 |    25 ||    62

Table legend: (Time is in decaauts)
 A = Elapsed time spent in this place.
 B = Non-inter-level travel time spent in this place.
 C = Inter-level travel time spent in this place.
 D = Time resting spent in this place.
 E = Time spent auto-exploring this place.
 F = Levels seen in this place.
 G = Mean time per level.
                   A        B        C        D        E       F      G
               +--------+--------+--------+--------+--------+-----+--------+
         Total |   2659 |   2598 |     61 |    110 |   1770 |   4 |  664.8 |
       Dungeon |   2659 |   2598 |     61 |    110 |   1770 |   4 |  664.8 |
               +--------+--------+--------+--------+--------+-----+--------+

Top non-repeatable levels by time:
     D:3: 1057 daAuts
     D:2: 826 daAuts
     D:1: 755 daAuts
     D:4: 20 daAuts
